 Dungeon Crawl Stone Soup version 0.29.0-4-gdea44cf6ec (webtiles) character file.

Game seed: 3056587439063484664

121 qw the Chopper (level 5, 0/42 HPs)
             Began as a Barachi Chaos Knight on Sept 4, 2022.
             Killed from afar by a starcursed mass (8 damage)
             ... with an accursed screaming
             ... on level 1 of the Abyss.
             The game lasted 00:01:18 (3196 turns).

qw the Chopper (Barachi Chaos Knight)               Turns: 3196, Time: 00:01:18

Health: 0/42       AC:  6    Str: 16      XL:     5   Next: 5%
Magic:  5/5        EV: 11    Int: 11 (12) God:
Gold:   74         SH:  0    Dex: 10 (11) Spells: 4/4 levels left

rFire   . . .      SeeInvis .   Y - +0 war axe
rCold   . . .      Faith    .   (no shield)
rNeg    . . .      Spirit   .   b - +2 leather armour
rPois   .          Reflect  .   (no helmet)
rElec   .          Harm     .   (no cloak)
rCorr   .          Rampage  .   l - +0 pair of gloves
Will    .....      Clarity  +   (no boots)
Stlth   +.........              (no amulet)
HPRegen 0.14/turn               (no ring)
MPRegen 0.09/turn               (no ring)

@: about to teleport, attractive, hasted, unable to drink, very quick
A: amphibious, slowness 1, strong legs 1, +LOS, clarity, deterioration 1,
inability to drink after injury 1
a: Hop


You were on level 1 of the Abyss.
You visited 1 branch of the dungeon, and saw 3 of its levels.
You visited the Abyss 1 time.

You collected 74 gold pieces.


Innate Abilities, Weirdness & Mutations

You are amphibious.
You cover ground slowly.
You can hop short distances.
You have an extended range of vision and can be seen from far away.
You possess an exceptional clarity of mind.
Your body sometimes deteriorates upon taking damage.
You occasionally lose the ability to drink potions when taking damage.


   Skills:
 + Level 3.7 Fighting
 - Level 6.1 Axes
 - Level 2.4 Armour
 - Level 1.1 Dodging


You had 4 spell levels left.
You didn't know any spells.
Your spell library was empty.

Inventory:

Hand Weapons
 o - the +4 flail of a Thousand Brambles {pain, rN+}
   (You found it on level 3 of the Dungeon)

   In the hands of one skilled in necromantic magic, it inflicts extra damage on
   living creatures.
   rN:        It protects you from negative energy.
 Y - a +0 war axe (weapon)
Armour
 b - a +2 leather armour (worn)
 l - a +0 pair of gloves (worn)
Jewellery
 i - a ring of fire
Scrolls
 e - a scroll of teleportation
Potions
 a - a potion of curing
 d - a potion of might {unknown}
 f - a potion of haste {unknown}
 g - a potion of brilliance {unknown}
 m - a potion of degeneration {unknown}
Miscellaneous
 c - a piece from Xom's chessboard (15/15)

Dungeon Overview and Level Annotations

Branches:
Dungeon (3/15)

Altars:
Vehumet

Shops:
D:1 (


Message History

Your killer bee is engulfed in seething chaos. x2
An apocalypse crab comes into view.
The apocalypse crab is attracted toward you.
The starcursed mass is attracted toward you.
You swap places.
The apocalypse crab bites you!
You feel yourself speed up.
The apocalypse crab claws you but does no damage.
The starcursed mass is attracted toward you.
You hit the apocalypse crab but do no damage.
You completely miss the starcursed mass.
The apocalypse crab bites you.
The apocalypse crab claws you but does no damage.
The iron imp is attracted toward you.
An iron imp comes into view.
You hit the apocalypse crab but do no damage.
You hit the starcursed mass.
The starcursed mass shrieks in your mind.
The iron imp is attracted toward you.
You hit the starcursed mass.
The starcursed mass is lightly damaged.
You hit the apocalypse crab but do no damage.
The apocalypse crab bites you but does no damage.
The apocalypse crab claws you.
Your body deteriorates!
You feel dopey. The apocalypse crab shocks you!
You feel threatened and lose the ability to drink potions!
The starcursed mass shrieks in your mind.
Your body deteriorates!
You feel clumsy.
3195 ||| READING 2 scrolls of teleportation.
As you read the scroll of teleportation, it crumbles to dust.
You feel strangely unstable.
You feel the power of the Abyss delaying your translocation!
The apocalypse crab completely misses you.
The apocalypse crab closely misses you.
You hit the starcursed mass but do no damage.
The starcursed mass is lightly damaged.
You hit the apocalypse crab but do no damage.
The starcursed mass shrieks in your mind.
You die...
Xom snickers!

#.. # ...
#. ... .#
.. .####.#
.#... ...
.. #t# b..
#@##..###.
#yX5.b....
######.#..


You could see a starcursed mass, an apocalypse crab (ally target), an iron imp
and a friendly killer bee (summoned).

Vanquished Creatures
  A necrophage (D:3)
  A worm (D:3)
  2 dart slugs
  An orc (D:3)
  6 endoplasms
  A giant cockroach (D:3)
  2 goblins
  6 hobgoblins
  3 quokkas
  5 ball pythons
  7 bats
  2 frilled lizards (D:1)
  11 kobolds
  5 rats
53 creatures vanquished.

Vanquished Creatures (others)
  23 plants
23 creatures vanquished.

Grand Total: 76 creatures vanquished

Notes
Turn   | Place    | Note
-------+----------+-------------------------------------------
     0 | D:1      | qw the Barachi Chaos Knight began the quest for the Orb.
     0 | D:1      | Reached XP level 1. HP: 18/18 MP: 1/1
     0 | D:1      | 0 ||| qw: Version: 0.1-a-103-gd6f5d3a
     0 | D:1      | 0 ||| qw: Game counter: 5522
     0 | D:1      | 0 ||| qw: Always use a shield: true
     0 | D:1      | 0 ||| qw: God list: Okawaru
     0 | D:1      | 0 ||| qw: Allow faded altars: false
     0 | D:1      | 0 ||| qw: Do Orc after D:15 true
     0 | D:1      | 0 ||| qw: Do second Lair branch before Depths: true
     0 | D:1      | 0 ||| qw: Lair rune preference: random
     0 | D:1      | 0 ||| qw: Plans: Normal
     0 | D:1      | 0 ||| PLANNING D:1-11
     0 | D:1      | Fell from the grace of Xom
   163 | D:1      | 163 ||| Stepping ~*~*~tactically~*~*~ (stealth).
   167 | D:1      | 167 ||| Stepping ~*~*~tactically~*~*~ (stealth).
   171 | D:1      | 171 ||| Stepping ~*~*~tactically~*~*~ (stealth).
   185 | D:1      | Reached XP level 2. HP: 23/24 MP: 2/2
   234 | D:1      | Found Boum's Antique Weapon Boutique.
   241 | D:1      | Reached skill level 4 in Axes
   251 | D:1      | 251 ||| SHOPLISTING morningstar (80 gold, have 0).
   251 | D:1      | 251 ||| SHOPLISTING whip (50 gold, have 0).
   411 | D:1      | 411 ||| Stepping ~*~*~tactically~*~*~ (stealth).
   461 | D:1      | XOM: confusion
   546 | D:1      | 546 ||| READING scroll labelled DUIRPH EF RUYNK.
   549 | D:1      | 549 ||| DRINKING 2 ruby potions.
   550 | D:1      | 550 ||| DROPPING potion of flight.
   562 | D:2      | XOM: noise
   572 | D:2      | Reached XP level 3. HP: 29/29 MP: 3/3
   573 | D:2      | 573 ||| Stepping ~*~*~tactically~*~*~ (stealth).
   575 | D:2      | 575 ||| Stepping ~*~*~tactically~*~*~ (stealth).
   577 | D:2      | 577 ||| Stepping ~*~*~tactically~*~*~ (stealth).
   608 | D:2      | 608 ||| Stepping ~*~*~tactically~*~*~ (stealth).
   714 | D:2      | 714 ||| Stepping ~*~*~tactically~*~*~ (hiding).
   717 | D:2      | 717 ||| Stepping ~*~*~tactically~*~*~ (hiding).
   960 | D:2      | 960 ||| Stepping ~*~*~tactically~*~*~ (stealth).
   982 | D:2      | 982 ||| FLEEEEING.
   983 | D:2      | 983 ||| STAIRDANCE
  1056 | D:1      | 1056 ||| READING scroll labelled FUSUAS DOWNET.
  1060 | D:2      | 1060 ||| STAIRDANCE
  1090 | D:1      | XOM: give mutations
  1090 | D:1      | Gained mutation: Your body sometimes deteriorates upon
                  | taking damage. [Xom's mischief]
  1090 | D:1      | Gained mutation: You occasionally lose the ability to drink
                  | potions when taking damage. [Xom's mischief]
  1122 | D:2      | 1122 ||| SWAPPING to +0 war axe.
  1123 | D:2      | 1123 ||| DROPPING +0 hand axe of chaos.
  1126 | D:2      | 1126 ||| Stepping ~*~*~tactically~*~*~ (stealth).
  1139 | D:2      | 1139 ||| DROPPING +0 club.
  1280 | D:2      | 1280 ||| Stepping ~*~*~tactically~*~*~ (stealth).
  1281 | D:2      | 1281 ||| Stepping ~*~*~tactically~*~*~ (stealth).
  1341 | D:2      | Found a faded altar of an unknown god.
  1370 | D:2      | Reached skill level 5 in Axes
  1572 | D:2      | 1572 ||| Stepping ~*~*~tactically~*~*~ (stealth).
  1736 | D:2      | 1736 ||| UPGRADING to +0 pair of gloves.
  1741 | D:2      | 1741 ||| READING scroll labelled GOGROS ZYHA.
  1742 | D:2      | 1742 ||| READING scroll labelled BUTWIF HAUGH.
  1926 | D:3      | Found a radiant altar of Vehumet.
  2138 | D:3      | XOM: give mutation
  2138 | D:3      | Gained mutation: You possess an exceptional clarity of
                  | mind. [Xom's grace]
  2226 | D:3      | Reached XP level 4. HP: 36/36 MP: 4/4
  2465 | D:3      | Identified the +4 flail of a Thousand Brambles {pain, rN+}
  2467 | D:3      | 2467 ||| DROPPING +0 whip.
  2484 | D:3      | Noticed a necrophage
  2495 | D:3      | Killed a necrophage
  2496 | D:3      | Reached skill level 6 in Axes
  2496 | D:3      | Reached XP level 5. HP: 33/41 MP: 5/5
  2601 | D:3      | XOM: summons 1 hostile shadow creature
  2844 | D:3      | 2844 ||| Stepping ~*~*~tactically~*~*~ (stealth).
  2908 | D:3      | 2908 ||| FLEEEEING.
  2909 | D:3      | 2909 ||| FLEEEEING.
  2910 | D:3      | 2910 ||| FLEEEEING.
  2911 | D:3      | 2911 ||| FLEEEEING.
  2912 | D:3      | 2912 ||| FLEEEEING.
  2913 | D:3      | 2913 ||| FLEEEEING.
  2914 | D:3      | 2914 ||| FLEEEEING.
  2915 | D:3      | 2915 ||| FLEEEEING.
  2916 | D:3      | 2916 ||| FLEEEEING.
  2917 | D:3      | 2917 ||| FLEEEEING.
  2918 | D:3      | 2918 ||| FLEEEEING.
  2919 | D:3      | 2919 ||| FLEEEEING.
  2922 | D:3      | 2922 ||| FLEEEEING.
  2923 | D:3      | 2923 ||| FLEEEEING.
  2924 | D:3      | 2924 ||| FLEEEEING.
  2925 | D:3      | 2925 ||| STAIRDANCE
  2925 | D:3      | HP: 9/42 [poisoned by a kobold]
  2930 | D:2      | HP: 4/42 [poisoned by a kobold]
  3169 | Abyss:1  | Cast into level 1 of the Abyss (Xom)
  3170 | Abyss:1  | 3170 ||| READING scroll labelled DAERAPR ZIBBIUHI.
  3171 | Abyss:1  | 3171 ||| READING scroll labelled APOEWIES DENE.
  3172 | Abyss:1  | 3172 ||| READING scroll labelled ROCLIO QATUWNO.
  3173 | Abyss:1  | 3173 ||| READING scroll labelled MEANAI IPSAUC.
  3174 | Abyss:1  | 3174 ||| DRINKING 2 white potions.
  3175 | Abyss:1  | 3175 ||| DRINKING 2 clear potions.
  3176 | Abyss:1  | 3176 ||| DROPPING potion of attraction.
  3190 | Abyss:1  | Noticed an apocalypse crab
  3191 | Abyss:1  | Noticed a starcursed mass
  3194 | Abyss:1  | HP: 8/42 [starcursed mass/accursed screaming (6)]
  3195 | Abyss:1  | 3195 ||| READING 2 scrolls of teleportation.
  3196 | Abyss:1  | Killed from afar by a starcursed mass

Levels and vault maps discovered:
D:1:      dpeg_arrival_refuge, layout_basic, serial_shops, shop
D:2:      layout_basic, basic_ecumenical_altar, serial_bayou_pond_c,
          minmay_distorted
D:3:      layout_basic, mainiacjoe_overflow_cross_hatched, kennysheep_nub
Abyss:1:  base: Temple, minivault_28

Skill      XL: |  1  2  3  4 |
---------------+-------------+-----
Axes           | 4 5 6 |  6.1
Fighting       | |  3.7
Armour         | |  2.4
Dodging        | |  1.1

Action                   |  1- 3 |  4- 6 || total
-------------------------+-------+-------++-------
Melee: Hand axe          |    97 |       ||    97
       War axe           |    33 |    24 ||    57
Invok: Renounce Religion |     1 |       ||     1
  Use: Scroll            |     4 |     5 ||     9
       Potion            |     1 |     2 ||     3
 Stab: Paralysed         |     2 |       ||     2
Armor: Leather armour    |    51 |     7 ||    58
Dodge: Dodged            |    72 |    13 ||    85

Table legend:
 A = Non-vault XP
 B = Vault XP
 C = Vault XP percentage of total XP
 D = Non-vault monster count
 E = Vault monster count
 F = Vault count percentage of total count
                 A         B        C        D         E       F
            +---------+---------+-------+---------+---------+-------
      Total |     166 |       8 |   4.6 |      49 |       4 |   7.5
            +---------+---------+-------+---------+---------+-------
        D:1 |      34 |       0 |   0.0 |      20 |       0 |   0.0
        D:2 |      24 |       8 |  25.0 |      14 |       4 |  22.2
        D:3 |     108 |       0 |   0.0 |      15 |       0 |   0.0
            +---------+---------+-------+---------+---------+-------
